Map: Frozen Temple

Players

JaKeN

  • Race: Zerg Zerg
  • League: Master

Miszu - Winner!

  • Race: Terran Terran
  • League: Master

VOD

Have the link to the VOD?

Description

Time

  • Played on: April 13, 2016, 11:24 a.m.
  • Length: 9:48
Show
View Real Time Build Order
Export as new Build Order

JaKeN Zerg 

Build Orders: Hatch First, Muta Ling Bane 

Get SALT Encoding   

  12  0:01  Drone  
  13  0:08  Drone  
  14  0:17  Overlord  
  14  0:24  Extractor, Drone  
  15  0:36  Drone x2  
  17  0:53  Hatchery  
  17  0:56  Drone  
  17  1:00  Drone  
  18  1:13  Spawning Pool  
  18  1:14  Extractor  
  18  1:17  Drone  
  17  1:21  Drone  
  18  1:36  Drone  
  18  1:38  Drone  
  20  1:59  Overlord  
  20  2:01  Queen  
  22  2:05  Queen  
  22  2:06  Zergling x4  
  26  2:11  Zergling x2  
  27  2:15  Metabolic Boost  
  27  2:19  Drone  
  28  2:28  Overlord  
  27  2:32  Spore Crawler  
  26  2:39  Drone x3  
  26  2:42  Queen  
  31  2:48  Queen  
  31  2:49  Drone  
  35  2:52  Drone  
  35  2:56  Drone  
  37  3:04  Drone x2  
  39  3:14  Drone x4  
  39  3:15  Overlord  
  39  3:17  Drone  
  44  3:33  Extractor  
  43  3:36  Extractor  
  43  3:39  Drone x3  
  43  3:40  Drone, Hatchery  
  43  3:41  Drone x2  
  49  3:47  Drone x3  
  52  4:00  Extractor  
  51  4:03  Roach Warren, Evolution Chamber x2  
  51  4:04  Drone x3  
  51  4:07  Extractor  
  51  4:09  Extractor  
  49  4:10  Drone x2  
  49  4:11  Drone  
  51  4:22  Lair  
  50  4:26  Spore Crawler  
  49  4:34  Drone x3  
  52  4:39  Overlord x2  
  52  4:45  Zerg Melee Weapons Level 1  
  52  4:48  Zerg Ground Armor Level 1  
  52  4:52  Spore Crawler  
  50  4:53  Drone x2  
  50  4:54  Drone x2  
  50  4:55  Spore Crawler  
  53  5:00  Drone  
  53  5:01  Drone x2  
  53  5:05  Spore Crawler  
  53  5:11  Roach  
  53  5:12  Roach x2  
  61  5:14  Roach  
  61  5:24  Spire, Drone  
  61  5:26  Drone x2  
  63  5:31  Overseer  
  62  5:40  Drone x3  
  62  5:41  Drone x4  
  69  5:48  Queen  
  71  5:53  Drone x2  
  73  5:58  Baneling Nest, Drone  
  73  6:01  Overlord  
  73  6:10  Hatchery  
  73  6:11  Drone x3  
  67  6:29  Drone x4  
  67  6:31  Drone x4  
  73  6:34  Drone x5  
  73  6:35  Drone  
  73  6:37  Overseer  
  80  6:47  Zergling x4  
  80  6:48  Centrifical Hooks  
  80  6:49  Overlord x3  
  81  6:54  Zerg Melee Weapons Level 2  
  81  6:59  Zerg Ground Armor Level 2  
  81  7:01  Zerg Flyer Weapons Level 1  
  81  7:04  Extractor, Drone  
  81  7:05  Extractor, Drone  
  81  7:07  Baneling  
  81  7:08  Baneling x3  
  81  7:16  Drone x2  
  81  7:17  Drone  
  84  7:23  Zergling x16  
  84  7:24  Zergling x2  
  93  7:43  Drone x4  
  97  7:48  Drone x8  
  97  7:49  Drone  
  106  7:55  Zergling x6  
  106  7:56  Zergling x4  
  111  7:58  Baneling x4  
  111  7:59  Baneling x5  
  111  8:04  Overlord x2  
  111  8:05  Overlord  
  111  8:10  Baneling x5  
  111  8:21  Baneling  
  111  8:22  Overlord x3, Baneling x6  
  111  8:23  Mutalisk  
  111  8:24  Mutalisk x3  
  119  8:38  Mutalisk  
  119  8:39  Mutalisk  
  113  8:51  Zergling x2  
  113  8:52  Zergling x26  
  124  8:57  Mutalisk  
  124  8:58  Mutalisk x3  
  123  9:10  Zergling x8  
  123  9:11  Zergling x6  
  123  9:20  Mutalisk x4  
Show
View Real Time Build Order
Export as new Build Order

Miszu Terran - Winner!

Build Orders: Reaper Expand, MMM Bio, Banshee Rush 

Get SALT Encoding   

  12  0:00  SCV  
  13  0:13  SCV  
  14  0:18  Supply Depot  
  14  0:25  SCV  
  15  0:39  SCV  
  15  0:40  Barracks  
  16  0:44  Refinery  
  16  0:51  SCV  
  17  1:03  SCV  
  18  1:16  SCV  
  19  1:28  Orbital Command  
  19  1:29  Reaper  
  20  1:40  Command Center  
  20  1:52  Supply Depot  
  20  1:54  SCV  
  21  2:01  Marine  
  22  2:07  SCV  
  23  2:16  Factory  
  23  2:19  SCV  
  24  2:23  Refinery  
  24  2:35  SCV  
  25  2:42  Barracks Reactor  
  25  2:47  SCV  
  26  2:57  Orbital Command  
  26  2:59  SCV  
  26  3:03  Starport  
  27  3:11  SCV  
  28  3:22  Hellion x2  
  28  3:23  SCV x2  
  28  3:24  Barracks Tech Lab  
  34  3:30  Supply Depot  
  34  3:35  SCV x2  
  35  3:47  SCV  
  35  3:48  Barracks Tech Lab, SCV, Banshee  
  37  3:50  Cloaking Field, Command Center  
  40  3:59  SCV  
  40  4:00  SCV  
  42  4:09  Factory Reactor  
  42  4:11  Stimpack  
  42  4:12  SCV  
  43  4:18  SCV  
  43  4:21  Barracks  
  43  4:24  SCV  
  45  4:25  Barracks  
  45  4:26  Supply Depot  
  45  4:30  SCV  
  45  4:31  Marine, Banshee  
  46  4:36  SCV  
  51  4:42  SCV  
  52  4:48  SCV  
  53  4:54  SCV  
  53  4:55  Factory Reactor  
  53  4:56  Supply Depot, Engineering Bay  
  53  4:57  Engineering Bay  
  54  5:00  SCV  
  54  5:06  SCV  
  57  5:08  Orbital Command  
  57  5:11  Refinery x2  
  57  5:12  SCV  
  57  5:13  Marine x2  
  59  5:18  Marine  
  59  5:19  SCV  
  61  5:24  SCV  
  61  5:25  Terran Infantry Weapons Level 1, Terran Infantry Armor Level 1  
  62  5:31  Marine, SCV  
  65  5:36  SCV, Orbital Command  
  65  5:38  Marine x3  
  65  5:39  Marine  
  69  5:43  Medivac, SCV  
  69  5:44  Barracks  
  69  5:45  Barracks, Factory Reactor  
  69  5:48  Marine, SCV  
  74  5:51  Supply Depot  
  74  5:52  Supply Depot  
  74  5:55  SCV  
  75  6:00  SCV  
  75  6:01  Marine x4  
  80  6:07  SCV  
  81  6:13  SCV  
  81  6:14  Marine  
  81  6:15  Supply Depot, Medivac x2  
  81  6:16  Supply Depot  
  87  6:18  Marine  
  88  6:28  Marine x3, Combat Shields  
  88  6:30  SCV x3  
  88  6:39  Barracks Reactor x2  
  88  6:42  SCV x3  
  88  6:45  Medivac  
  93  6:51  Barracks x2  
  93  6:52  Barracks  
  93  6:54  Marine x4, SCV x3  
  94  6:58  Armory  
  100  7:05  Supply Depot  
  100  7:06  Supply Depot, SCV x3  
  100  7:07  Widow Mine x2  
  107  7:09  Medivac  
  107  7:12  Marauder  
  111  7:18  SCV x2  
  111  7:19  Marine x2, SCV  
  111  7:22  Missile Turret  
  116  7:24  Missile Turret  
  116  7:29  Marine x5, Missile Turret  
  120  7:30  Marine, Medivac  
  120  7:33  Marauder  
  120  7:36  Factory, Widow Mine  
  128  7:38  Supply Depot  
  128  7:41  Supply Depot  
  128  7:42  Supply Depot, Barracks Tech Lab x2  
  128  7:43  Barracks Reactor  
  128  7:47  Concussive Shells  
  128  7:54  Marine x4  
  128  7:55  Marine  
  133  8:00  Marine x4  
  133  8:02  Marauder  
  133  8:03  Supply Depot  
  133  8:04  Supply Depot  
  133  8:05  Refinery  
  139  8:06  Refinery  
  139  8:11  Marauder  
  139  8:12  Marine x4  
  144  8:18  Marauder  
  147  8:21  Marine  
  147  8:24  Marauder  
  150  8:27  Marine x5  
  150  8:30  Marine x3  
  150  8:32  Marine  
  150  8:33  Marauder, Widow Mine  
  163  8:36  Widow Mine  
  163  8:37  Medivac  
  163  8:38  Marine  
  163  8:39  Marauder  
  164  8:45  Marine x5, Marauder  
  164  8:47  Factory Tech Lab  
  166  8:48  Marine  
  166  8:49  Marine x3  
  166  8:54  Marauder  
  167  8:56  Marine  
  167  9:01  Marauder  
  167  9:02  Marine  
  170  9:07  Marauder  
  170  9:08  Marine  
  170  9:09  Marine x5  
  170  9:10  Widow Mine  
  170  9:16  Marauder  
  171  9:17  Marine x2  
  171  9:18  Marine  
  171  9:20  Marine  
Tags
 
Add a new tag
Caveats
  • Supply blocks, unpowered buildings, or Contaminate may cause inaccurate times.
  • Supply counts are checked every 10 seconds.